 Dungeon Crawl Stone Soup version 0.25-a0-663-gace7076f2c (webtiles) character file.

Game seed: 15457664194547334262, levelgen mode: deterministic

322 DasRunzen the Ducker (level 6, -1/51 HPs)
             Began as a Demigod Gladiator on Mar 25, 2020.
             Succumbed to an orc's poison
             ... on level 4 of the Dungeon.
             The game lasted 00:05:36 (3146 turns).

DasRunzen the Ducker (Demigod Gladiator)            Turns: 3146, Time: 00:05:37

Health: -1/51      AC:  7    Str: 17    XL:     6   Next: 1%
Magic:  12/12      EV: 29    Int: 16    God:
Gold:   150        SH:  0    Dex: 17    Spells: 9/9 levels left

rFire    . . .     SeeInvis .   a - +1 long sword
rCold    . . .     Gourm    .   (no shield)
rNeg     . . .     Faith    .   b - +0 leather armour
rPois    .         Spirit   .   c - +0 helmet
rElec    .         Reflect  .   n - +1 cloak
rCorr    .         Harm     .   (no gloves)
MR       .....                  g - +0 pair of boots
Stlth    +.........             p - amulet of the acrobat
HPRegen  0.17/turn              (no ring)
MPRegen  0.13/turn              (no ring)

@: lethally poisoned (-1 -> -37), acrobat
A: deterioration 1, high mp 1, mutation resistance 1
a: no special abilities


You were on level 4 of the Dungeon.
You were not hungry.

You visited 1 branch of the dungeon, and saw 4 of its levels.

You collected 150 gold pieces.

Inventory:

Hand Weapons
 a - a +1 long sword (weapon)
Missiles
 d - 3 throwing nets (quivered)
Armour
 b - a +0 leather armour (worn)
 c - a +0 helmet (worn)
 g - a +0 pair of boots (worn)
 n - a +1 cloak (worn)
Jewellery
 p - an amulet of the acrobat (around neck)
Scrolls
 h - 2 scrolls of teleportation
 o - a scroll of remove curse
Potions
 e - a potion of heal wounds
 i - 2 potions of lignification
 k - a potion of curing {unknown}
 l - a potion of degeneration {unknown}
 m - 3 potions of resistance {unknown}
 q - a potion of ambrosia {unknown}
Comestibles
 f - 3 rations


   Skills:
 + Level 3.1 Fighting
 + Level 3.7 Long Blades
 - Level 1.7 Throwing
 + Level 2.2 Armour
 + Level 3.7 Dodging
 + Level 2.0 Spellcasting


You had 9 spell levels left.
You didn't know any spells.
Your spell library was empty.

Dungeon Overview and Level Annotations

Branches:
Dungeon (4/15)
 Temple: D:4-7


Innate Abilities, Weirdness & Mutations

You have an increased reservoir of magic. (+10% MP)
Your body sometimes deteriorates upon taking damage.
You are somewhat resistant to further mutation.


Message History

The orc priest hits you but does no damage.
The orc hits you but does no damage. x2
You barely miss the orc.
The orc is heavily wounded.
You feel very sick.
The orc priest calls upon Beogh to heal the orc.
The orc's wounds heal themselves!
The orc closely misses you.
You riposte.
You closely miss the orc. The orc closely misses you.
You hit the orc.
The orc is almost dead.
* * * LOW HITPOINT WARNING * * *
You feel very sick.
The orc priest hits you with a +0 hand axe.
* * * LOW HITPOINT WARNING * * *
The orc hits you but does no damage.
You are more poisoned.
The orc hits you but does no damage.
The orc priest hits you with a +0 hand axe.
* * * LOW HITPOINT WARNING * * *
You die...

................
###....#.##......
.....<.#.# ......
..#...#.# .#####
#.#.....##.# #
#.#........#
#.#####.#........#
#.......#....>...#
#.#...oo@..........#
#.....o...........##
###...?.#....######
........#....#
#########....#
#....# #....# ######


You could see an orc priest and 2 orcs.

Vanquished Creatures
  Crazy Yiuf (D:2)
  An iguana (D:4)
  Jessica (D:2)
  2 worker ants (D:4)
  Natasha (thrice) (D:2)
  4 adders
  3 oozes
  3 worms
  2 dart slugs (D:2)
  A leopard gecko (D:1)
  2 orcs (D:4)
  4 bats
  4 giant cockroaches
  3 goblins
  A hobgoblin (D:1)
  8 jackals
  5 kobolds
  3 quokkas
  5 frilled lizards
  9 rats
65 creatures vanquished.

Notes
Turn   | Place    | Note
-------+----------+-------------------------------------------
     0 | D:1      | DasRunzen the Demigod Gladiator began the quest for the
                  | Orb.
     0 | D:1      | Reached XP level 1. HP: 17/17 MP: 3/3
   339 | D:1      | Reached XP level 2. HP: 24/24 MP: 4/4
   965 | D:2      | Noticed Jessica
   973 | D:2      | Killed Jessica
   973 | D:2      | Reached skill level 1 in Armour
   973 | D:2      | Reached skill level 1 in Spellcasting
   973 | D:2      | Reached XP level 3. HP: 23/29 MP: 6/6
  1024 | D:2      | Noticed Natasha
  1028 | D:2      | Killed Natasha
  1028 | D:2      | Reached XP level 4. HP: 35/37 MP: 8/8
  1029 | D:2      | Noticed Natasha
  1038 | D:2      | Killed Natasha
  1735 | D:2      | Noticed Natasha
  1756 | D:2      | Killed Natasha
  1756 | D:2      | Reached XP level 5. HP: 18/42 MP: 10/10
  1849 | D:2      | Found a runed translucent door.
  1850 | D:2      | Noticed Crazy Yiuf
  1857 | D:2      | Killed Crazy Yiuf
  2848 | D:4      | Reached XP level 6. HP: 10/51 MP: 12/12
  3128 | D:4      | Gained mutation: Your body sometimes deteriorates upon
                  | taking damage. [potion of mutation]
  3128 | D:4      | Gained mutation: You are somewhat resistant to further
                  | mutation. [potion of mutation]
  3145 | D:4      | HP: 2/51 [orc priest/+0 hand axe (6)]
  3146 | D:4      | Succumbed to an orc's poison

Levels and vault maps discovered:
D:1:      dpeg_arrival_arbitrary_b, layout_basic
D:2:      layout_basic, uniq_jessica, uniq_crazy_yiuf_cottage, uniq_natasha
D:3:      layout_loops_ring
D:4:      layout_basic, first_ration, kennysheep_generic_room_7

Skill      XL: |  1  2  3  4  5 |
---------------+----------------+-----
Fighting       | 2 3 |  3.1
Long Blades    | 3 |  3.7
Armour         | 1 2 |  2.2
Dodging        | 3 |  3.7
Spellcasting   | 1 2 |  2.0
Throwing       | |  1.7

Action                   |  1- 3 |  4- 6 || total
-------------------------+-------+-------++-------
Melee: Long sword        |    47 |   144 ||   191
  Use: Scroll            |     4 |     5 ||     9
       Potion            |       |     1 ||     1
 Stab: Sleeping          |     2 |     3 ||     5
  Eat: Chunk             |       |     7 ||     7
Armor: Leather armour    |     7 |    40 ||    47
Dodge: Dodged            |    29 |   119 ||   148
       Rpst.: Long sword |    12 |    36 ||    48

Table legend:
 A = Non-vault XP
 B = Vault XP
 C = Vault XP percentage of total XP
 D = Non-vault monster count
 E = Vault monster count
 F = Vault count percentage of total count
                 A         B        C        D         E       F
            +---------+---------+-------+---------+---------+-------
      Total |     349 |     111 |  24.1 |      62 |       3 |   4.6
            +---------+---------+-------+---------+---------+-------
        D:1 |      26 |       0 |   0.0 |      14 |       0 |   0.0
        D:2 |     153 |     111 |  42.0 |      28 |       3 |   9.7
        D:3 |      54 |       0 |   0.0 |      14 |       0 |   0.0
        D:4 |     116 |       0 |   0.0 |       6 |       0 |   0.0
            +---------+---------+-------+---------+---------+-------
